[ AOE2 MATCH · #505987042 ]
UnrankedTurks vs Mongols
Player's team · LOSS
Rival team · WIN
[ REPLAY ANALYSIS · EXTRACTED FROM THE RECORDED GAME ]
Feudal
—
Castle
—
Imperial
—
| APM avg | 45.3 |
| APM peak | 87 |
| eAPM avg | 12.1 |
| Villagers / military | 28 / 0 |
Focus
⚔️ 6.7% · 🌾 93.3%
Feudal
12:45
Castle
—
Imperial
—
| APM avg | 31.6 |
| APM peak | 52 |
| eAPM avg | 14.0 |
| Villagers / military | 38 / 2 |
Focus
⚔️ 24.4% · 🌾 75.6%
Scout Cavalry ×2
Match map
Initial resources + every placement click. Lines = walls · curves = elevation contours. ◆ gold · ⬟ stone · ● berries · ✦ relic · ◌ wall gap
Your base· Open — unwalled flank
ChavezTRC's base· Open — unwalled flank
Smoothed initial terrain · ◌ = detected wall gap · hover for details
Inputs per minute
— ArthurMitchell3 - - ChavezTRC
Build order — ArthurMitchell3
45 actions detected in the replay
| 0:25 | Build | Town Center |
| 1:26 | Build | Palisade Wall |
| 1:32 | Build | Palisade Wall |
| 1:38 | Build | Palisade Wall |
| 1:45 | Build | Palisade Wall |
| 2:40 | Queue | Villager (Male) |
| 2:41 | Queue | Villager (Male) |
| 2:41 | Queue | Villager (Male) |
| 2:41 | Queue | Villager (Male) |
| 3:38 | Build | House |
| 3:41 | Research | Loom |
| 3:43 | Research | Loom |
| 4:29 | Queue | Villager (Male) |
| 4:29 | Queue | Villager (Male) |
| 4:30 | Queue | Villager (Male) |
| 4:55 | Queue | Villager (Male) |
| 5:30 | Build | House |
| 5:31 | Build | House |
| 5:34 | Build | House |
| 5:45 | Queue | Villager (Male) |
| 6:38 | Queue | Villager (Male) |
| 6:38 | Queue | Villager (Male) |
| 7:23 | Queue | Villager (Male) |
| 7:23 | Queue | Villager (Male) |
| 7:58 | Queue | Villager (Male) |
| 7:58 | Queue | Villager (Male) |
| 9:12 | Queue | Villager (Male) |
| 9:12 | Queue | Villager (Male) |
| 9:27 | Build | Palisade Wall |
| 9:38 | Queue | Villager (Male) |
| 9:38 | Queue | Villager (Male) |
| 10:03 | Queue | Villager (Male) |
| 10:19 | Build | Mill |
| 10:46 | Queue | Villager (Male) |
| 11:00 | Queue | Villager (Male) |
| 12:05 | Queue | Villager (Male) |
| 12:06 | Queue | Villager (Male) |
| 12:06 | Queue | Villager (Male) |
| 12:06 | Queue | Villager (Male) |
| 12:06 | Queue | Villager (Male) |
| 12:45 | Queue | Villager (Male) |
| 12:57 | Build | Palisade Wall |
| 14:02 | Build | Farm |
| 14:07 | Build | Farm |
| 14:10 | Build | Farm |
Build order — ChavezTRC
59 actions detected in the replay
| 0:40 | Build | Town Center |
| 1:39 | Build | House |
| 2:24 | Research | Loom |
| 2:25 | Queue | Villager (Male) |
| 2:25 | Queue | Villager (Male) |
| 2:25 | Queue | Villager (Male) |
| 2:25 | Queue | Villager (Male) |
| 3:48 | Queue | Villager (Male) |
| 3:48 | Queue | Villager (Male) |
| 4:19 | Build | House |
| 4:20 | Build | House |
| 4:47 | Build | House |
| 4:58 | Queue | Villager (Male) |
| 4:58 | Queue | Villager (Male) |
| 5:19 | Queue | Villager (Male) |
| 5:20 | Queue | Villager (Male) |
| 5:31 | Queue | Villager (Male) |
| 5:31 | Queue | Villager (Male) |
| 6:04 | Queue | Villager (Male) |
| 6:05 | Queue | Villager (Male) |
| 6:05 | Queue | Villager (Male) |
| 6:11 | Build | Lumber Camp |
| 6:18 | Queue | Villager (Male) |
| 6:18 | Queue | Villager (Male) |
| 6:31 | Queue | Villager (Male) |
| 6:31 | Queue | Villager (Male) |
| 6:38 | Build | Palisade Wall |
| 6:42 | Build | Palisade Wall |
| 6:52 | Queue | Villager (Male) |
| 7:23 | Queue | Villager (Male) |
| 7:23 | Queue | Villager (Male) |
| 7:31 | Queue | Villager (Male) |
| 7:31 | Queue | Villager (Male) |
| 8:36 | Queue | Villager (Male) |
| 8:37 | Queue | Villager (Male) |
| 9:14 | Queue | Villager (Male) |
| 9:14 | Queue | Villager (Male) |
| 9:16 | Queue | Villager (Male) |
| 9:17 | Queue | Villager (Male) |
| 9:17 | Queue | Villager (Male) |
| 9:17 | Queue | Villager (Male) |
| 9:17 | Queue | Villager (Male) |
| 9:37 | Build | Mill |
| 9:54 | Queue | Villager (Male) |
| 10:35 | Research | Feudal Age |
| 10:35 | Research | Feudal Age |
| 10:58 | Build | House |
| 11:02 | Build | Barracks |
| 11:37 | Build | House |
| 12:22 | Queue | Villager (Male) |
| 12:45 | Age | Feudal Age |
| 12:48 | Build | Stable |
| 13:05 | Queue | Villager (Male) |
| 13:16 | Queue | Villager (Male) |
| 13:53 | Build | Lumber Camp |
| 13:58 | Queue | Scout Cavalry |
| 13:58 | Queue | Scout Cavalry |
| 14:10 | Build | Stable |
| 14:18 | Queue | Villager (Male) |
Match timeline
| 1:26 | ArthurMitchell3 · wall_segment Palisade Wall x1 |
| 1:32 | ArthurMitchell3 · wall_segment Palisade Wall x1 |
| 1:38 | ArthurMitchell3 · wall_segment Palisade Wall x1 |
| 1:45 | ArthurMitchell3 · wall_segment Palisade Wall x1 |
| 6:38 | ChavezTRC · wall_segment Palisade Wall x1 |
| 6:42 | ChavezTRC · wall_segment Palisade Wall x1 |
| 9:27 | ArthurMitchell3 · wall_segment Palisade Wall x2 |
| 11:02 | ChavezTRC · first_building Barracks |
| 12:45 | ChavezTRC · age_up feudal |
| 12:48 | ChavezTRC · first_building Stable |
| 12:57 | ArthurMitchell3 · wall_segment Palisade Wall x7 |
| 14:29 | ArthurMitchell3 · resign |
[ AI ANALYSIS · 1 CREDIT ]
What really happened in this match?
Wolo.gg analyzes every decision: build order, eco, micro, common mistakes by bracket. Personalized analysis on WhatsApp or Discord in 30 seconds.
Civ guide
Turks
Perfil
Jugador #21808850